 Dungeon Crawl Stone Soup version 0.29.1-15-g9cfb28693d (webtiles) character file.

Game seed: 10077443498342361388

259 tizbic2 the Trooper (level 6, -1/66 HPs)
             Began as an Ogre Fighter on Apr 16, 2023.
             Was a Believer of Vehumet.
             Slain by a gnoll
             ... wielding a +0 flail
              (5 damage)
             ... on level 4 of the Dungeon.
             The game lasted 00:12:26 (3329 turns).

tizbic2 the Trooper (Ogre Fighter)                  Turns: 3329, Time: 00:12:26

Health: -1/66      AC:  5    Str: 20    XL:     6   Next: 17%
Magic:  10/10      EV:  9    Int: 10    God:    Vehumet [**....]
Gold:   123        SH: 11    Dex: 12    Spells: 7/11 levels left

rFire   . . .      SeeInvis +   c - +1 whip (venom)
rCold   . . .      Faith    .   d - +3 kite shield
rNeg    . . .      Spirit   .   n - +0 robe
rPois   .          Reflect  .   (helmet restricted)
rElec   .          Harm     .   (no cloak)
rCorr   .          Rampage  .   (gloves unavailable)
Will    .....                   (boots unavailable)
Stlth   +.........              (no amulet)
HPRegen 0.21/turn               j - ring of see invisible
MPRegen 0.12/turn               (no ring)

@: no status effects
A: large, unfitting armour, tough skin 1, iridescent scales 1, agile 1,
MP-powered wands
a: Renounce Religion


You were on level 4 of the Dungeon.
You worshipped Vehumet.
Vehumet was pleased with you.
You visited 1 branch of the dungeon, and saw 4 of its levels.

You collected 123 gold pieces.

Inventory:

Hand Weapons
 a - a +0 flail
 c - a +1 whip of venom (weapon)
 l - a +1 rapier of flaming
Missiles
 h - 4 large rocks
 k - 14 stones (quivered)
Armour
 d - a +3 kite shield (worn)
 n - a +0 robe (worn)
Jewellery
 j - a ring of see invisible (left hand)
Wands
 m - a wand of roots (10)
Scrolls
 e - a scroll of identify
 g - a scroll of vulnerability
 i - a scroll of immolation
 q - a scroll of poison
Potions
 b - 2 potions of lignification
 f - 2 potions of flight
 o - 2 potions of invisibility
 p - a potion of curing


   Skills:
 + Level 5.3 Fighting
 + Level 3.2 Maces & Flails
 - Level 2.6 Dodging
 + Level 4.0 Shields
 + Level 3.2 Spellcasting
 * Level 0.9 Ice Magic


You had 7 spell levels left.
You knew the following spells:

 Your Spells              Type           Power      Damage    Failure   Level
a - Freeze                Ice            12%        1d4       38%         1
b - Frozen Ramparts       Ice            6%         1d1       77%         3

Your spell library contained the following spells:

 Spells                   Type           Power      Damage    Failure   Level
 Sandblast                Erth           2%         2d4       54%         1
 Passwall                 Tmut/Erth      0%         N/A       67%         2
 Stone Arrow              Conj/Erth      2%         3d7       88%         3


Dungeon Overview and Level Annotations

Branches:
Dungeon (4/15)             Temple (0/1) D:4

Altars:
Qazlal
Vehumet

Shops:
D:4 (


Innate Abilities, Weirdness & Mutations

You are too large for most types of armour.
You have tough skin. (AC +1)
You are partially covered in iridescent scales. (AC +2)
You are agile. (Dex +4, Str/Int -1)
You expend magic power (3 MP) to strengthen your wands.


Message History

You block the gnoll's attack. The gnoll hits you with a +0 halberd.
* * * LOW HITPOINT WARNING * * *
You hit the gnoll but do no damage.
The gnoll is severely wounded.
You block the gnoll's attack. x2
You hit the gnoll.
The gnoll looks as sick as possible!
The gnoll is severely wounded.
The gnoll barely misses you. x2
You closely miss the gnoll.
You kill the gnoll!
Vehumet accepts your kill. You block the gnoll's attack.
Your Shields skill increases to level 4!
You barely miss the gnoll. You block the gnoll's attack.
The gnoll barely misses you.
You barely miss the gnoll. You block the gnoll's attack.
You hit the gnoll.
The gnoll is moderately wounded.
The gnoll barely misses you.
You barely miss the gnoll.
The gnoll is lightly wounded.
The gnoll hits you with a +0 flail!
* * * LOW HITPOINT WARNING * * *
You barely miss the gnoll.
The gnoll is lightly wounded.
You block the gnoll's attack.
You hit the gnoll.
The gnoll is poisoned.
The gnoll is moderately wounded.
The gnoll hits you with a +0 flail!
* * * LOW HITPOINT WARNING * * *
You hit the gnoll.
The gnoll looks as sick as possible!
The gnoll is severely wounded.
The gnoll closely misses you.
You hit the gnoll but do no damage.
The gnoll is severely wounded.
The gnoll closely misses you.
You barely miss the gnoll.
The gnoll is almost dead.
The gnoll hits you with a +0 flail.
You die...

........ ##
.......... .. #
#..⌠...⌠.. .#
.##......... .#
.......>.... .# ..
#.........
##.#.##.#..⌠...⌠..
#)g..##...........
#@# .# #.........
####.#..# ##.##.##.#
#....#..##. #........
#.###.....# ..###...#
#....#.....###.......
###..#...............
#..#.....###.......
##........# ####...#
#...##....# #....


You could see a gnoll (extremely poisoned).

Vanquished Creatures
  A jelly (D:4)
  Terence (D:2)
  Natasha (thrice) (D:3)
  3 adders (D:2)
  3 gnolls (D:4)
  A dart slug (D:1)
  An orc (D:3)
  9 ball pythons
  6 endoplasms
  4 giant cockroaches
  10 goblins
  8 hobgoblins
  3 kobolds
  4 quokkas
  5 bats
  4 frilled lizards
  5 rats
71 creatures vanquished.

Notes
Turn   | Place    | Note
-------+----------+-------------------------------------------
     0 | D:1      | tizbic2 the Ogre Fighter began the quest for the Orb.
     0 | D:1      | Reached XP level 1. HP: 24/24 MP: 1/1
    90 | D:1      | Reached XP level 2. HP: 25/32 MP: 2/2
   255 | D:1      | Found a faded altar of an unknown god.
   385 | D:1      | Prayed at the altar of an unknown god.
   385 | D:1      | Became a worshipper of Vehumet
   385 | D:1      | Reached * piety under Vehumet
   385 | D:1      | Offered knowledge of Freeze by Vehumet.
   446 | D:1      | Learned a level 1 spell: Freeze
   659 | D:1      | Reached XP level 3. HP: 40/40 MP: 3/3
  1086 | D:2      | Reached skill level 1 in Spellcasting
  1393 | D:2      | Noticed Terence
  1405 | D:2      | Offered knowledge of Static Discharge by Vehumet.
  1414 | D:2      | Killed Terence
  1414 | D:2      | Reached ** piety under Vehumet
  1415 | D:2      | Reached XP level 4. HP: 33/49 MP: 6/6
  1586 | D:2      | Gained mutation: Your body sometimes deteriorates upon
                  | taking damage. [potion of mutation]
  1701 | D:2      | Lost mutation: Your body sometimes deteriorates upon taking
                  | damage. [potion of mutation]
  1701 | D:2      | Gained mutation: You are frail. (-10% HP) [potion of
                  | mutation]
  1827 | D:3      | Noticed Natasha
  1841 | D:3      | Killed Natasha
  1842 | D:3      | Reached XP level 5. HP: 25/49 MP: 8/8
  2179 | D:3      | Lost mutation: You are frail. (-10% HP) [potion of
                  | mutation]
  2179 | D:3      | Gained mutation: You expend magic power (3 MP) to
                  | strengthen your wands. [potion of mutation]
  2179 | D:3      | Gained mutation: You are agile. (Dex +4, Str/Int -1)
                  | [potion of mutation]
  2179 | D:3      | Gained mutation: You are partially covered in iridescent
                  | scales. (AC +2) [potion of mutation]
  2205 | D:3      | Noticed Natasha
  2215 | D:3      | HP: 2/55 [Natasha (3)]
  2540 | D:3      | Reached skill level 5 in Fighting
  2639 | D:3      | Killed Natasha
  2655 | D:3      | Noticed Natasha
  2682 | D:3      | Killed Natasha
  3064 | D:4      | Found a staircase to the Ecumenical Temple.
  3066 | D:4      | Found Tyorill's Weapon Shop.
  3124 | D:4      | Offered knowledge of Frozen Ramparts by Vehumet.
  3153 | D:4      | Learned a level 3 spell: Frozen Ramparts
  3164 | D:4      | Found a stormy altar of Qazlal.
  3228 | D:4      | Reached XP level 6. HP: 59/66 MP: 10/10
  3326 | D:4      | HP: 3/66 [gnoll/+0 flail (8)]
  3329 | D:4      | Slain by a gnoll

Illustrated notes

Levels and vault maps discovered:
D:1:      heliophobic_arrival_enchanted_forest, layout_loops_ring,
          nicolae_ecumenical_snake_handling
D:2:      layout_basic, uniq_terence
D:3:      layout_loops_ring, uniq_natasha
D:4:      layout_loops_ring, lemuel_round_altar, nicolae_overflow_two_pavilions,
          minmay_temple_entry_large_hall, serial_shops, nicolae_shop_crystal,
          nicolae_shop_stone, due_unseen_surprise

Skill      XL: |  1  2  3  4  5  6 |
---------------+-------------------+-----
Maces & Flails | 2 3 |  3.2
Spellcasting   | 1 2 3 |  3.2
Fighting       | 5 |  5.3
Shields        | 4 |  4.0
Dodging        | |  2.6
Ice Magic      | |  0.9

Action                   |  1- 3 |  4- 6 || total
-------------------------+-------+-------++-------
Melee: Flail             |   104 |    35 ||   139
       Club              |     5 |    12 ||    17
       Whip              |       |   101 ||   101
Throw: Large rock        |       |     4 ||     4
       Stone             |       |     3 ||     3
 Cast: Freeze            |       |     4 ||     4
  Use: Scroll            |     3 |    11 ||    14
       Potion            |     1 |     4 ||     5
 Stab: Sleeping          |       |     1 ||     1
Armor: Robe              |    41 |    42 ||    83
Dodge: Dodged            |    52 |    48 ||   100
Block: Kite shield       |    46 |    73 ||   119
